 Dungeon Crawl Stone Soup version 0.25-a0-972-g74ed164fb1 (webtiles) character file.

Game seed: 4125857672425632157, levelgen mode: deterministic

811 Maedhros the Martial Artist (level 7, -1/43 HPs)
             Began as an Octopode Artificer on May 9, 2020.
             Slain by a bullfrog (8 damage)
             ... on level 7 of the Dungeon.
             The game lasted 00:07:21 (1337 turns).

Maedhros the Martial Artist (Octopode Artificer)    Turns: 1337, Time: 00:07:21

Health: -1/43      AC:  1    Str: 12    XL:     7   Next: 93%
Magic:  9/9        EV: 14    Int: 13    God:
Gold:   184        SH:  0    Dex: 16    Spells: 6/6 levels left

rFire    + . .     SeeInvis .   h - +0 dagger (venom)
rCold    x . .     Gourm    .   (no shield)
rNeg     . . .     Faith    .   (helmet restricted)
rPois    .         Spirit   .   (no amulet)
rElec    .         Reflect  .   n - ring of fire
rCorr    +         Harm     .   q - ring of resist corrosion
MR       .....     Rnd*Rage +   (no ring)
Stlth    ++++......             (no ring)
HPRegen  0.14/turn              (no ring)
MPRegen  0.11/turn              (no ring)
                                (no ring)
                                (no ring)

@: no status effects
A: almost no armour, stealthy swim, amphibious, 8 rings, constrict 8, tentacle
spike 1, camouflage 1, agile 1, berserk 1, gelatinous body 1
a: no special abilities


You were on level 7 of the Dungeon.
You were very hungry.

You visited 1 branch of the dungeon, and saw 7 of its levels.
You also visited: Sewer.

You collected 184 gold pieces.

Inventory:

Hand Weapons
 a - a +0 short sword
 h - a +0 dagger of venom (weapon)
Missiles
 l - 13 poisoned darts (quivered)
Armour
 e - a +0 tower shield
Jewellery
 n - a ring of fire (left tentacle)
 q - a ring of resist corrosion (right tentacle)
Wands
 b - a wand of flame (5)
 c - a wand of enslavement (1)
 d - a wand of random effects (9)
Scrolls
 g - a scroll of identify {unknown}
 i - a scroll of teleportation {unknown}
 m - a scroll of random uselessness {unknown}
 o - a scroll of amnesia {unknown}
 p - a scroll of blinking {unknown}
 s - a scroll of summoning {unknown}
Potions
 j - 2 potions of flight
 k - 3 potions of curing
 r - a potion of might
Comestibles
 f - 4 rations


   Skills:
 - Level 1.0 Fighting
 - Level 1.0 Short Blades
 - Level 2.0 Dodging
 - Level 4.0 Stealth
 + Level 8.1 Unarmed Combat
 - Level 3.2 Evocations


You had 6 spell levels left.
You didn't know any spells.
Your spell library was empty.

Dungeon Overview and Level Annotations

Branches:
Dungeon (7/15)              Sewer (visited)
 Temple: D:4-7

Altars:


Innate Abilities, Weirdness & Mutations

You cannot wear most types of armour.
You are very stealthy in the water. (Stealth+)
You are amphibious.
You can wear up to eight rings at the same time.
You can use your tentacles to constrict eight enemies at once.
Your skin changes colour to match your surroundings (Stealth+).
Your rubbery body absorbs attacks. (AC +1, EV +1)
One of your tentacles bears a spike.
You are agile. (Dex +2)
You tend to lose your temper in combat.


Message History

Aim: a bullfrog (moderately wounded, chance to defeat MR: 55%)
The bullfrog resists with significant effort.
The bullfrog hits you!
* * * LOW HITPOINT WARNING * * *
The bullfrog barely misses you.
Evoke which item? (* to show all) (? for menu, Esc to quit)
Aiming: Enslavement
Press: ? - help, Shift-Dir - straight line, f/p - bullfrog
Aim: a bullfrog (moderately wounded, chance to defeat MR: 55%)
The bullfrog resists with significant effort.
The bullfrog barely misses you.
Evoke which item? (* to show all) (? for menu, Esc to quit)
Aiming: Enslavement
Press: ? - help, Shift-Dir - straight line, f/p - bullfrog
Aim: a bullfrog (moderately wounded, chance to defeat MR: 55%)
The bullfrog resists with significant effort.
The bullfrog hits you.
* * * LOW HITPOINT WARNING * * *
The bullfrog hits you!
You die...

.>...# .....# #..... .....#
#.....###### .....#
#..........# .....#
#..........# .....#
#..........# .....#
#..........# .....#
#.....F....# .....#
#.....#@#### . .....+
#.....#....# .###
+.....#...######...# #+#
#.....#...##...##.[# #..
#.....#(..#........# +..
#.....'...#....##..# ....#..
#<....#...#..(.##..#
....##'##.....#...#.....#..#
..............#...##....'..#


You could see a bullfrog.

Vanquished Creatures
  An ice beast (D:7)
  A sky beast (D:7)
  A big kobold (Sewer)
  2 scorpions (D:7)
  5 crimson imps
  A hound (D:5)
  An orc wizard (D:3)
  An iguana (D:5)
  2 adders (D:3)
  2 river rats (Sewer)
  An adder skeleton (D:5)
  2 worms
  A dart slug (D:1)
  6 orcs
  3 ball pythons
  3 bats
  2 hobgoblins (D:3)
  5 jackals
  6 kobolds
  A quokka (D:5)
  2 frilled lizards
  4 rats
53 creatures vanquished.

Vanquished Creatures (collateral kills)
  A sky beast (D:7)
  2 killer bees (D:6)
  A hound skeleton (D:7)
  An adder (D:7)
  A leopard gecko (D:6)
  A quokka (D:7)
7 creatures vanquished.

Vanquished Creatures (others)
  2 killer bees (D:6)
2 creatures vanquished.

Grand Total: 62 creatures vanquished

Notes
Turn   | Place    | Note
-------+----------+-------------------------------------------
     0 | D:1      | Maedhros the Octopode Artificer began the quest for the
                  | Orb.
     0 | D:1      | Reached XP level 1. HP: 13/13 MP: 3/3
   186 | D:1      | Reached XP level 2. HP: 18/18 MP: 4/4
   248 | D:3      | Found a faded altar of an unknown god.
   310 | D:3      | Reached XP level 3. HP: 19/23 MP: 5/5
   313 | D:3      | Gained mutation: You tend to lose your temper in combat.
                  | [potion of mutation]
   313 | D:3      | Gained mutation: You are agile. (Dex +2) [potion of
                  | mutation]
   313 | D:3      | Gained mutation: One of your tentacles bears a spike.
                  | [potion of mutation]
   316 | D:3      | Reached skill level 1 in Unarmed Combat
   339 | D:3      | Reached skill level 2 in Unarmed Combat
   339 | D:3      | Reached XP level 4. HP: 12/28 MP: 6/6
   388 | D:5      | Entered Level 5 of the Dungeon
   412 | D:5      | Reached skill level 3 in Unarmed Combat
   435 | D:5      | Reached XP level 5. HP: 14/33 MP: 7/7
   517 | D:5      | Found a glowing drain.
   529 | Sewer    | Entered a sewer
   534 | Sewer    | Reached skill level 4 in Unarmed Combat
   582 | Sewer    | Noticed a big kobold
   635 | Sewer    | Killed a big kobold
   635 | Sewer    | Reached skill level 5 in Unarmed Combat
   635 | Sewer    | Reached XP level 6. HP: 11/38 MP: 8/8
   654 | Sewer    | Found a white marble altar of Elyvilon.
   847 | D:6      | Noticed a phantom
   884 | D:7      | Noticed an ice beast
   889 | D:7      | Killed an ice beast
   889 | D:7      | Reached skill level 6 in Unarmed Combat
   924 | D:7      | Noticed a water moccasin
   961 | D:7      | Noticed a sky beast
   978 | D:7      | Killed a sky beast
   978 | D:7      | Reached XP level 7. HP: 37/43 MP: 9/9
  1124 | D:7      | Reached skill level 7 in Unarmed Combat
  1228 | D:7      | Reached skill level 8 in Unarmed Combat
  1337 | D:7      | Slain by a bullfrog

Illustrated notes

Levels and vault maps discovered:
D:1:      erik_arrival_blinker_ship, layout_loops_ring, kennysheep_minor_cross,
          ebering_dispersal_statue_hall
D:2:      minmay_diamond_boxcup, layout_basic, serial_glass, glass_columns_c,
          glass_columns_a, glass_columns_b, glass_columns_a, glass_columns_a,
          glass_columns_b, glass_columns_a, glass_columns_b
D:3:      layout_loops_corners, chequers_ecumenical_altar_simple, first_ration,
          bloody_makhleb
D:4:      layout_gridville, serial_shops, nicolae_shop_waterfront, uniq_natasha
D:5:      layout_basic, zin_scriptorium, cheibrodos_sewer_entry_drain,
          uniq_pikel
D:6:      layout_rooms, minmay_temple_entry_crystal_x, serial_co_window_serial,
          co_window_corner_a, co_window_paths_a, co_window_of_opportunity_a,
          co_window_paths_a, co_window_paths_a, co_window_corner_b,
          co_window_of_opportunity_b, co_window_unsneaky_path_c,
          co_window_corner_b, co_window_of_opportunity_b, co_window_4corner_b,
          co_window_paths_e
D:7:      layout_gridville, minmay_small_thing

Skill      XL: |  1  2  3  4  5  6  7 |
---------------+----------------------+-----
Stealth        | 3 4 |  4.0
Unarmed Combat | 2 3 5 6 8 |  8.1
Fighting       | |  1.0
Short Blades   | |  1.0
Dodging        | |  2.0
Evocations     | |  3.2

Action                   |  1- 3 |  4- 6 |  7- 9 || total
-------------------------+-------+-------+-------++-------
Melee: Short sword       |    21 |     4 |       ||    25
       Constrict         |     4 |    15 |     7 ||    26
       Tentacles         |     2 |    10 |     2 ||    14
       Kick              |     2 |    18 |     8 ||    28
       Dagger            |       |    39 |    28 ||    67
       Punch             |       |     2 |     4 ||     6
Evoke: Wand              |     4 |    22 |     4 ||    30
  Use: Potion            |     2 |     2 |       ||     4
 Stab: Sleeping          |     7 |     2 |     5 ||    14
       Confused          |     1 |       |       ||     1
Armor: Skin              |     1 |     1 |     1 ||     3
Dodge: Dodged            |    10 |    25 |    10 ||    45

Table legend:
 A = Non-vault XP
 B = Vault XP
 C = Vault XP percentage of total XP
 D = Non-vault monster count
 E = Vault monster count
 F = Vault count percentage of total count
                 A         B        C        D         E       F
            +---------+---------+-------+---------+---------+-------
      Total |    1021 |     138 |  11.9 |      45 |      15 |  25.0
            +---------+---------+-------+---------+---------+-------
        D:1 |      11 |       0 |   0.0 |       5 |       0 |   0.0
        D:3 |      95 |       0 |   0.0 |      14 |       0 |   0.0
        D:4 |       1 |       0 |   0.0 |       1 |       0 |   0.0
        D:5 |     139 |       7 |   4.8 |       6 |       2 |  25.0
        D:6 |      94 |       0 |   0.0 |       3 |       0 |   0.0
        D:7 |     681 |       0 |   0.0 |      16 |       0 |   0.0
      Sewer |       0 |     131 | 100.0 |       0 |      13 | 100.0
            +---------+---------+-------+---------+---------+-------
